 Dungeon Crawl Stone Soup version 0.27-a0-1187-ge80a49f48c (webtiles) character file.

Game seed: 375881497878461925

39 Froggeryz the Ruffian (level 3, -2/31 HPs)
             Began as a Draconian Berserker on May 20, 2021.
             Was a Believer of Trog.
             Slain by an orc wizard
             ... wielding a +0 dagger
              (3 damage)
             ... while paralysed
             ... on level 2 of the Dungeon.
             The game lasted 00:01:34 (1213 turns).

Froggeryz the Ruffian (Draconian Berserker)         Turns: 1213, Time: 00:01:35

Health: -2/31      AC:  6    Str: 19    XL:     3   Next: 26%
Magic:  3/3        EV:  2    Int:  7    God:    Trog [**....]
Gold:   66         SH:  0    Dex: 11    Spells: 2/2 levels left

rFire    . . .     SeeInvis .     - Unarmed
rCold    . . .     Faith    .   (no shield)
rNeg     . . .     Spirit   .   (armour unavailable)
rPois    .         Reflect  .   (helmet restricted)
rElec    .         Harm     .   (no cloak)
rCorr    .         Rampage  .   (no gloves)
Will     .....                  h - +0 pair of boots
Stlth    +.........             (no amulet)
HPRegen  0.10/turn              c - ring of flight
MPRegen  0.08/turn              (no ring)

@: paralysed, on berserk cooldown, flying, slowed
A: AC +5, unfitting armour, cold-blooded
a: Renounce Religion, Berserk, Trog's Hand


You were on level 2 of the Dungeon.
You worshipped Trog.
Trog was pleased with you.
You visited 1 branch of the dungeon, and saw 2 of its levels.

You collected 66 gold pieces.

Inventory:

Missiles
 g - 13 poisoned darts (quivered)
Armour
 b - a +0 buckler
 h - a +0 pair of boots (worn)
Jewellery
 c - a ring of flight (left hand)
Scrolls
 e - 2 scrolls of enchant armour {unknown}
 f - 2 scrolls of amnesia {unknown}
Potions
 a - a potion of degeneration {unknown}
 d - 2 potions of curing {unknown}
 i - a potion of heal wounds {unknown}
 j - a potion of flight {unknown}


   Skills:
 - Level 3.2 Fighting
 - Level 2.6 Dodging
 * Level 4.4 Unarmed Combat


You had 2 spell levels left.
You didn't know any spells.
Your spell library was empty.

Dungeon Overview and Level Annotations

Branches:
Dungeon (2/15)

Altars:


Innate Abilities, Weirdness & Mutations

Your plain brown scales are hard. (AC +5)
You cannot fit into any form of body armour.
You are cold-blooded and may be slowed by cold attacks.


Message History

You miss something.
You hear some strange, mumbled words.
A puff of flame appears from out of thin air!
The puff of flame hits you.
You miss something. Something hits you.
You miss something.
Your tail-slap misses something.
You hear some strange, mumbled words.
A magic dart appears from out of thin air!
The magic dart hits you!
A red film seems to cover your vision as you go berserk!
You feel yourself moving faster!
You feel mighty!
You hear some strange, mumbled words.
You are confused.
You punch something!
Your tail-slap misses something.
You miss something.
You hear some strange, mumbled words.
A magic dart appears from out of thin air!
The magic dart hits you.
* * * LOW HITPOINT WARNING * * *
You completely miss something. Something hits you.
* * * LOW HITPOINT WARNING * * *
You closely miss something.
You bump into the rock wall.
Something hits you but does no damage.
You barely miss something.
You hear some strange, mumbled words.
A magic dart appears from out of thin air!
The magic dart hits you.
* * * LOW HITPOINT WARNING * * *
You bump into the rock wall.
You're too confused to move!
You feel a strong urge to attack something.
You feel less confused. Something hits you.
* * * LOW HITPOINT WARNING * * *
You barely miss something.
You are no longer berserk.
You pass out from exhaustion.
You feel yourself slow down. Something hits you but does no damage.
Something hits you.
You die...

#.....#.# ##........##
##.#...#.# #..........#
##.###...#######..........#
.#.# ###....##............#
...# #.........#..........#
..####<###..##...........>#
.......# ##.####o........##
....#### #.# #{#......##
.##.#######.####@########
.##.[............##
.##########.###...######
.........##.####.......#
.#######................ .#
####...##.####### .#
###....# ## ####.# ###


You could see an orc.

Vanquished Creatures
  An adder (D:2)
  A dart slug (D:2)
  An orc (D:2)
  5 bats
  An endoplasm (D:1)
  2 giant cockroaches (D:1)
  A goblin (D:1)
  2 hobgoblins (D:1)
  3 jackals (D:1)
  3 kobolds (D:1)
  2 quokkas (D:2)
  2 rats
24 creatures vanquished.

Notes
Turn   | Place    | Note
-------+----------+-------------------------------------------
     0 | D:1      | Froggeryz the Draconian Berserker began the quest for the
                  | Orb.
     0 | D:1      | Reached XP level 1. HP: 19/19 MP: 1/1
    83 | D:1      | You fall into a shaft and drop 1 floor!
    94 | D:2      | Reached XP level 2. HP: 3/26 MP: 2/2
   659 | D:1      | Reached skill level 4 in Unarmed Combat
  1011 | D:2      | Reached XP level 3. HP: 31/31 MP: 3/3
  1030 | D:2      | Found a faded altar of an unknown god.
  1034 | D:2      | Reached ** piety under Trog
  1211 | D:2      | HP: 1/46 [something (3)]
  1213 | D:2      | Slain by an orc wizard

Illustrated notes

Levels and vault maps discovered:
D:1:      saegor_arrival_simple_e, layout_rooms
D:2:      layout_rooms, shapermc_ecumenical_altar_starsandcircs

Skill      XL: |  1  2 |
---------------+-------+-----
Unarmed Combat | 4 |  4.4
Fighting       | |  3.2
Dodging        | |  2.6

Action                   || total
-------------------------++-------
Melee: Unarmed           ||   101
       Tailslap          ||    10
Invok: Berserk           ||     1
 Stab: Sleeping          ||     1
Armor: Skin              ||    23
Dodge: Dodged            ||    65

Table legend: (Time is in decaauts)
 A = Elapsed time spent in this place.
 B = Non-inter-level travel time spent in this place.
 C = Inter-level travel time spent in this place.
 D = Time resting spent in this place.
 E = Time spent auto-exploring this place.
 F = Levels seen in this place.
 G = Mean time per level.
                   A        B        C        D        E       F      G
               +--------+--------+--------+--------+--------+-----+--------+
         Total |   1203 |   1186 |     17 |    272 |    677 |   2 |  601.5 |
       Dungeon |   1203 |   1186 |     17 |    272 |    677 |   2 |  601.5 |
               +--------+--------+--------+--------+--------+-----+--------+

Top non-repeatable levels by time:
     D:1: 686 daAuts
     D:2: 516 daAuts
